 Dungeon Crawl Stone Soup version 0.26.1-11-gd32895ea62 (webtiles) character file.

Game seed: 718890947765463429

103 Ijustatesigmund the Shield-Bearer (level 4, 0/31 HPs)
             Began as an Octopode Fighter on July 1, 2021.
             Killed from afar by an orc wizard (15 damage)
             ... with a puff of frost
             ... on level 3 of the Dungeon.
             The game lasted 00:02:53 (2859 turns).

Ijustatesigmund the Shield-Bearer (OpFi)            Turns: 2859, Time: 00:02:53

Health: 0/31       AC:  1    Str: 15    XL:     4   Next: 79%
Magic:  4/4        EV: 12    Int: 10    God:
Gold:   103        SH: 10    Dex: 12    Spells: 2/3 levels left

rFire    . . .     SeeInvis .   a - +0 war axe
rCold    . . .     Faith    .   b - +1 kite shield
rNeg     . . .     Spirit   .   (helmet restricted)
rPois    .         Reflect  .   (no amulet)
rElec    .         Harm     .   l - -4 ring of slaying (curse)
rCorr    .         Rampage  .   (no ring)
Will     .....                  (no ring)
Stlth    ++........             (no ring)
HPRegen  0.10/turn              (no ring)
MPRegen  0.09/turn              (no ring)
                                (no ring)
                                (no ring)

@: no status effects
A: almost no armour, stealthy swim, amphibious, 8 rings, constrict 8, camouflage
1, gelatinous body 1
a: no special abilities


You were on level 3 of the Dungeon.
You visited 1 branch of the dungeon, and saw 3 of its levels.

You collected 103 gold pieces.

Inventory:

Hand Weapons
 a - a +0 war axe (weapon)
Missiles
 d - a throwing net (quivered)
 k - 7 silver javelins
Armour
 b - a +1 kite shield (worn)
Jewellery
 l - a cursed -4 ring of slaying (left tentacle)
Scrolls
 h - a scroll of identify {unknown}
Potions
 c - a potion of might
 e - 2 potions of mutation {unknown}
 f - 2 potions of haste {unknown}
 g - 2 potions of attraction {unknown}
 i - 3 potions of lignification {unknown}
 j - a potion of flight {unknown}
 m - a potion of magic {unknown}


   Skills:
 + Level 3.5 Fighting
 * Level 3.3 Axes
 + Level 3.5 Dodging
 + Level 3.5 Shields
 + Level 0.4 Transmutations


You had 2 spell levels left.
You knew the following spells:

 Your Spells              Type           Power        Failure   Level
a - Beastly Appendage     Tmut           0%           80%         1

Your spell library contained the following spells:

 Spells                   Type           Power        Failure   Level


Dungeon Overview and Level Annotations

Branches:
Dungeon (3/15)

Altars:
Kikubaaqudgha
Sif Muna
Vehumet


Innate Abilities, Weirdness & Mutations

You cannot wear most types of armour.
You are very stealthy in the water. (Stealth+)
You are amphibious.
You can wear up to eight rings at the same time.
You can use your tentacles to constrict eight enemies at once.
Your skin changes colour to match your surroundings (Stealth+).
Your rubbery body absorbs attacks. (AC +1, EV +1)


Message History

Your tentacle spike disappears.
The orc closely misses you.
You closely miss the orc. Your grab misses the orc.
The orc is almost dead.
You completely miss the orc. The orc wizard casts a spell at you.
The magic dart hits you! The orc hits you with a +0 club.
The orc hits you with a +0 hand axe.
You are too injured to fight recklessly!
You are too injured to fight recklessly!
Unknown command.
You barely miss the orc. You grab the orc. You hit the orc.
You kill the orc!
You constrict the orc. You block the orc's attack.
You hit the orc.
The orc is lightly wounded.
You closely miss the orc wizard. You constrict the orc.
The orc wizard gestures at you while chanting.
The puff of frost hits you!
You die...

..# ..###♣♣ .#
....[.♣ ♣♣ .##
.[##..♣♣ .♣♣♣..#
..####.♣♣♣♣♣♣..♣...##
### ♣..♣..♣.♣♣.....#
#...♣..........#
#......#.......#
########...@)..#
#...oo..# #.......#
#######.# .# #


You could see an orc wizard and an orc.

Vanquished Creatures
  3 adders
  2 worms (D:2)
  A dart slug (D:1)
  3 leopard geckos
  2 orcs (D:3)
  A ball python (D:1)
  4 giant cockroaches
  3 goblins
  6 hobgoblins
  3 jackals (D:1)
  9 kobolds
  13 bats
  3 frilled lizards
  9 rats
62 creatures vanquished.

Notes
Turn   | Place    | Note
-------+----------+-------------------------------------------
     0 | D:1      | Ijustatesigmund the Octopode Fighter began the quest for
                  | the Orb.
     0 | D:1      | Reached XP level 1. HP: 16/16 MP: 1/1
    23 | D:1      | Reached XP level 2. HP: 13/21 MP: 2/2
   547 | D:1      | Reached XP level 3. HP: 26/26 MP: 3/3
  1655 | D:2      | Reached XP level 4. HP: 31/31 MP: 4/4
  1714 | D:2      | Found an ancient bone altar of Kikubaaqudgha.
  1714 | D:2      | Found a shimmering blue altar of Sif Muna.
  1716 | D:2      | Found a radiant altar of Vehumet.
  1720 | D:2      | Identified Sif Muna's Almanac of Transmigration
  1724 | D:2      | Learned a level 1 spell: Beastly Appendage
  2859 | D:3      | Killed from afar by an orc wizard

Illustrated notes

Levels and vault maps discovered:
D:1:      dpeg_arrival_rooms_with_view, layout_basic
D:2:      layout_loops_cross, grunt_temple_overflow_magic_moments,
          palyth_stone_intersect
D:3:      layout_basic, general_overflow_altar, lemuel_coloured_pillars_altar,
          chequers_temple_overflow_minitemple, nicolae_overflow_crystal_walls,
          chequers_ecumenical_altar_grove

Skill      XL: |  1  2  3 |
---------------+----------+-----
Axes           | 3 |  3.3
Fighting       | |  3.5
Dodging        | |  3.5
Shields        | |  3.5
Transmutations | |  0.4

Action                   |  1- 3 |  4- 6 || total
-------------------------+-------+-------++-------
Melee: War axe           |    79 |    44 ||   123
       Constrict         |    23 |    11 ||    34
       Tentacles         |    11 |     5 ||    16
       Kick              |       |     1 ||     1
 Cast: Beastly Appendage |       |     1 ||     1
  Use: Scroll            |     1 |     3 ||     4
 Stab: Sleeping          |     8 |     1 ||     9
Armor: Skin              |    13 |     3 ||    16
Dodge: Dodged            |    31 |    24 ||    55
Block: Kite shield       |    33 |    26 ||    59
